 Dungeon Crawl Stone Soup version 0.32-a0-540-g866d13106e (webtiles) character file.

Game seed: 10135250103857279079

61 cforsyth the Grave Robber (level 3, 0/30 HPs)
             Began as a Mountain Dwarf Necromancer on Feb 28, 2024.
             Succumbed to Sigmund's poison
             ... on level 1 of the Dungeon.
             The game lasted 00:05:48 (1599 turns).

cforsyth the Grave Robber (MDNe)                    Turns: 1599, Time: 00:05:48

Health: 0/30       AC: 10    Str: 12    XL:     3   Next: 83%
Magic:  2/5        EV:  6    Int: 15    God:
Gold:   32         SH:  0    Dex: 10    Spells: 4/5 levels left

rFire   + . .        g - +1 hand axe (heavy)
rCold   + . .        (no shield)
rNeg    . . .        f - +0 chain mail
rPois   +            (no helmet)
rElec   +            (no cloak)
rCorr   +            h - +0 pair of gloves
SInv    .            (no boots)
Will    .....        (no amulet) Stlth
                     (no ring)
HPRegen 0.25/turn    (no ring)
MPRegen 0.09/turn

%: no passive effects
@: lethally poisoned (0 -> -1), resistant
A: runic magic, artefact enchanting
a: no special abilities


You were on level 1 of the Dungeon.
You visited 1 branch of the dungeon, and saw 2 of its levels.

You collected 32 gold pieces.


Innate Abilities, Weirdness & Mutations

Your spellcasting is much less encumbered by armour.
You can use scrolls of enchantment on lesser artefacts.


   Skills:
 + Level 2.4 Fighting
 + Level 1.1 Axes
 + Level 2.4 Armour
 - Level 1.3 Dodging
 - Level 1.4 Stealth
 - Level 1.7 Spellcasting
 - Level 4.3 Necromancy


You had 4 spell levels left.
You knew the following spells:

 Your Spells              Type           Power      Damage    Failure   Level
X - Necrotise             Necr           56%        1d6       9%          1

Your spell library contained the following spells:

 Spells                   Type           Power      Damage    Failure   Level
 Vampiric Draining        Necr           14%        2d7       26%         3
 Magic Dart               Conj           4%         1d3       45%         1
 Blink                    Tloc           2%         N/A       58%         2
 Call Imp                 Summ           2%         N/A       58%         2
 Animate Dead             Necr           14%        N/A       63%         4
 Curse of Agony           Necr           14%        N/A       93%         5

Inventory:

Hand Weapons
 g - a +1 heavy hand axe (weapon)
Armour
 a - a +0 robe
 f - a +0 chain mail (worn)
 h - a +0 pair of gloves (worn)
Scrolls
 c - a scroll of identify {unknown}
 d - a scroll of blinking {unknown}
Potions
 b - a potion of magic

Dungeon Overview and Level Annotations

Branches:
Dungeon (2/15)

Altars:

Annotations:
D:2 Sigmund

....##.#####.# #.......#.......
...ß.#.#####.### #.......#.......
....<#.........# #.......#.......
...ß.#.........# #.......#.......
....##.........###.......#.......
....##.........##..#####.#.......
....###........##.######.########
.#####.........##.#......# .#
#.#...###..@.#......# ## #.#...#
###.##......######## #.#...#
#.#######......... #.#...# #.#
########## #.##### #.# #.# #.#
#.# #.# #.# #.# #.# #.#


There were no monsters in sight!


Message History

You are lethally poisoned!
* * * LOW HITPOINT WARNING * * *
You feel very sick. Sigmund barely misses you.
There is a stone staircase leading up here.
* * * LOW HITPOINT WARNING * * *
You feel very sick.
You climb upwards.
* * * LOW HITPOINT WARNING * * *
You feel very sick.
There is a stone staircase leading down here.
It was a potion of resistance.
You feel protected.
* * * LOW HITPOINT WARNING * * *
You feel sick.
Unknown command.
* * * LOW HITPOINT WARNING * * *
You feel sick.
* * * LOW HITPOINT WARNING * * *
You feel sick.
* * * LOW HITPOINT WARNING * * *
You feel sick.
* * * LOW HITPOINT WARNING * * *
You feel sick.
Okay, then.
* * * LOW HITPOINT WARNING * * *
You feel sick.
* * * LOW HITPOINT WARNING * * *
You feel sick.
You die...

Skill      XL: |  1  2  3 |
---------------+----------+-----
Fighting       | 1 2 |  2.4
Armour         | 1 2 |  2.4
Axes           | 1 |  1.1
Dodging        | |  1.3
Stealth        | |  1.4
Spellcasting   | |  1.7
Necromancy     | |  4.3

Action                     || total
---------------------------++-------
  Melee: Unarmed           ||    32
         Punch             ||     2
         Hand axe          ||     7
   Cast: Necrotise         ||    54
    Use: Potion            ||     1
 Armour: Robe              ||    34
         Chain mail        ||    14
  Dodge: Dodged            ||    34

Levels and vault maps discovered:
D:1:      mrwooster_arrival_statue, layout_basic
D:2:      layout_rooms, nrook_campfire, uniq_robin, uniq_sigmund, uniq_terence

Notes
Turn   | Place    | Note
-------+----------+-------------------------------------------
     0 | D:1      | cforsyth the Mountain Dwarf Necromancer began the quest for
                  | the Orb.
     0 | D:1      | Reached XP level 1. HP: 14/14 MP: 3/3
   128 | D:1      | Reached skill level 1 in Fighting
   128 | D:1      | Reached skill level 1 in Armour
   327 | D:1      | Reached XP level 2. HP: 23/23 MP: 0/4
   939 | D:1      | Reached skill level 2 in Fighting
   952 | D:1      | Reached skill level 2 in Armour
   960 | D:1      | Reached XP level 3. HP: 29/29 MP: 0/5
  1263 | D:2      | Reached skill level 1 in Axes
  1342 | D:2      | Noticed Sigmund
  1592 | D:1      | Identified a potion of resistance
  1595 | D:1      | HP: 3/30 [poisoned by Sigmund]
  1598 | D:1      | HP: 1/30 [poisoned by Sigmund]
  1599 | D:1      | Succumbed to Sigmund's poison

Vanquished Creatures
  3 gnolls (D:2)
  4 bats (D:1)
  3 endoplasms (D:1)
  3 giant cockroaches (D:1)
  2 goblins (D:1)
  3 hobgoblins (D:1)
  A jackal (D:1)
  A quokka (D:1)
  2 ball pythons (D:1)
  A frilled lizard (D:1)
  2 kobolds (D:1)
  2 rats (D:1)
27 creatures vanquished.

Vanquished Creatures (collateral kills)
  An endoplasm (D:1)
  A hobgoblin (D:1)
  A jackal (D:1)
3 creatures vanquished.

Grand Total: 30 creatures vanquished

Table legend: (Time is in decaauts)
 A = Elapsed time spent in this place.
 B = Non-inter-level travel time spent in this place.
 C = Inter-level travel time spent in this place.
 D = Time resting spent in this place.
 E = Time spent auto-exploring this place.
 F = Levels seen in this place.
 G = Mean time per level.
                   A        B        C        D        E       F      G
               +--------+--------+--------+--------+--------+-----+--------+
         Total |   1606 |   1596 |     10 |    200 |   1078 |   2 |  803.0 |
       Dungeon |   1606 |   1596 |     10 |    200 |   1078 |   2 |  803.0 |
               +--------+--------+--------+--------+--------+-----+--------+

Top non-repeatable levels by time:
     D:1: 1397 daAuts
     D:2: 209 daAuts

Table legend:
 A = Non-vault XP
 B = Vault XP
 C = Vault XP percentage of total XP
 D = Non-vault monster count
 E = Vault monster count
 F = Vault count percentage of total count
                 A         B        C        D         E       F
            +---------+---------+-------+---------+---------+-------
      Total |      88 |       0 |   0.0 |      30 |       0 |   0.0
            +---------+---------+-------+---------+---------+-------
        D:1 |      47 |       0 |   0.0 |      27 |       0 |   0.0
        D:2 |      41 |       0 |   0.0 |       3 |       0 |   0.0
            +---------+---------+-------+---------+---------+-------
